 Dungeon Crawl Stone Soup version 0.22-a0-558-gc224181 (webtiles) character file.

44089 riellis the Blocker (level 13, 0/116 HPs)
             Began as a Minotaur Fighter on June 27, 2018.
             Was the Champion of Okawaru.
             Slain by a harpy (7 damage)
             ... on level 1 of the Shoals.
             The game lasted 02:07:10 (12103 turns).

riellis the Blocker (Minotaur Fighter)             Turns: 12103, Time: 02:07:10

Health: 0/116      AC: 20    Str: 32    XL:     13   Next: 94%
Magic:  8/17       EV: 16    Int: 17    God:    Okawaru [******]
Gold:   784        SH: 14    Dex: 13    Spells: 12/12 levels left

rFire    + . .     SeeInvis .   Y - +3 long sword of the Past {slice, MR+ Str+2}
rCold    . . .     Gourm    .   c - +0 shield
rNeg     . . .     Faith    .   a - +0 scale mail of Patterns {-Cast rF+ Int+7}
rPois    .         Spirit   .   Z - +2 hat
rElec    +         Reflect  .   H - +5 cloak of Pride {-Tele +Inv Regen+ Str+7}
rCorr    .         Harm     .   O - +0 pair of gloves
MR       +....     NoTele   +   L - +0 pair of boots Stlth ..........NoCast +
                                b - amulet of regeneration
HPRegen  1.09/turn              X - +3 ring of intelligence
MPRegen  0.15/turn              (no ring)

@: flying
A: retaliatory headbutt, horns 2, clever 1, electricity resistance, evolution 1
a: Heroism, Finesse, Renounce Religion, Evoke Invisibility


You were on level 1 of the Shoals.
You worshipped Okawaru.
Okawaru was exalted by your worship.
You were hungry.

You visited 3 branches of the dungeon, and saw 18 of its levels.
You also visited: Sewer.

You collected 854 gold pieces.
You spent 70 gold pieces at shops.

Inventory:

Hand Weapons
 d - a +2 whip of flaming
 A - a +0 short sword of freezing
 C - a +3 flail of protection
 G - a +2 hand axe of flaming
 J - the +8 broad axe of Eneulagg {pain, Dex+3}
   (You found it on level 7 of the Dungeon)

   In the hands of one skilled in necromantic magic, it inflicts extra damage on
   living creatures.
   It affects your dexterity (+3).
 P - a +1 shortbow of flaming
 S - a +1 antimagic broad axe
 Y - the +3 long sword of the Past (weapon) {slice, MR+ Str+2}
   (You found it on level 4 of the Lair of Beasts)

   It inflicts extra damage upon your enemies.
   It affects your strength (+2).
   It affects your resistance to hostile enchantments.
Armour
 a - the +0 scale mail of Patterns (worn) {-Cast rF+ Int+7}
   (Okawaru gifted it to you on level 1 of the Shoals)

   It affects your intelligence (+7).
   It protects you from fire.
   It prevents spellcasting.
 c - a +0 shield (worn)
 i - the +1 scale mail of the Lute {rF++ rC- Str+4}
   (You found it on level 6 of the Lair of Beasts)

   It affects your strength (+4).
   It greatly protects you from fire.
   It makes you vulnerable to cold.
 H - the +5 cloak of Pride (worn) {-Tele +Inv Regen+ Str+7}
   (Okawaru gifted it to you on level 3 of the Lair of Beasts)

   It affects your strength (+7).
   It lets you turn invisible.
   It prevents most forms of teleportation.
   It increases your rate of regeneration.
 L - a +0 pair of boots (worn)
 M - a +1 ring mail of poison resistance
 O - a +0 pair of gloves (worn)
 Z - a +2 hat (worn)
Jewellery
 b - an amulet of regeneration (around neck)
 j - an uncursed amulet of the acrobat
 X - a +3 ring of intelligence (left hand)
Wands
 K - a wand of digging (17)
Scrolls
 h - a scroll of amnesia {unknown}
 k - 3 scrolls of magic mapping {unknown}
 l - 9 scrolls of remove curse
 m - 2 scrolls of immolation {unknown}
 o - 8 scrolls of teleportation {unknown}
 p - 2 scrolls of fog {unknown}
 x - 2 scrolls of vulnerability {unknown}
 y - 3 scrolls of enchant armour {unknown}
 z - 2 scrolls of blinking
 D - 3 scrolls of identify
 R - a scroll of random uselessness {unknown}
 U - a scroll of fear {unknown}
 V - 2 scrolls of holy word {unknown}
 W - a scroll of acquirement {unknown}
Potions
 e - 5 potions of agility
 g - 2 potions of invisibility
 n - 3 potions of flight
 q - a potion of ambrosia
 r - a potion of heal wounds
 t - 2 potions of lignification
 v - 10 potions of curing
 w - 3 potions of brilliance
 B - 2 potions of might
 I - 3 potions of haste
 N - a potion of magic {unknown}
 Q - a potion of berserk rage
Comestibles
 f - 27 rations


   Skills:
 + Level 11.3 Fighting
 * Level 11.7 Long Blades
 - Level 11.3(11.9) Axes
 + Level 6.1(9.6) Maces & Flails
 + Level 10.7 Armour
 + Level 10.1 Dodging
 + Level 0.4 Stealth
 + Level 11.9 Shields
 + Level 7.9 Invocations
 + Level 0.5 Evocations


You had 12 spell levels left.
You didn't know any spells.
Your spell library contained the following spells:

 Spells                   Type           Power        Failure   Level  Hunger
 Conjure Flame            Conj/Fire      #.......     88%         3    ####...
 Freezing Cloud           Conj/Ice/Air   #.........   100%        6    #######
 Mephitic Cloud           Conj/Pois/Air  #.......     88%         3    ####...
 Ring of Flames           Chrm/Fire      #.........   100%        7    #######
 Poisonous Vapours        Pois/Air       #.....       67%         2    ###....


Dungeon Overview and Level Annotations

Branches:
Dungeon (10/15)            Temple (0/1) D:7            Lair (6/6) D:9
 Shoals (2/4) Lair:4        Snake (0/4) Lair:3        Slime (0/5) Lair:6
    Orc: D:9-12

Altars:
Ashenzari
Dithmenos
Makhleb
Okawaru
Qazlal
Sif Muna
Uskayaw
Beogh

Shops:
D:6 ?

Annotations:
D:8 partially explored
Lair:6 Slime PIts


Innate Abilities, Weirdness & Mutations

You reflexively headbutt those who attack you in melee.
You have a pair of horns on your head.
Your mind is acute. (Int +2)
You are resistant to electric shocks. (rElec)
You evolve.


Message History

There are monsters nearby!
You block the harpy's attack. x2; The harpy barely misses you. x2
The harpy claws you.
* * * LOW HITPOINT WARNING * * *
The harpy claws you but does no damage.
You slash the harpy! Your headbutt misses the harpy.
The harpy is heavily wounded.
The harpy claws you but does no damage. You block the harpy's attack. x3
The harpy claws you but does no damage. The harpy completely misses you. x2
You riposte.
You slice the harpy!! Your headbutt misses the harpy.
The harpy is heavily wounded.
You block the harpy's attack. The harpy barely misses you.
You furiously retaliate!
You headbutt the harpy, but do no damage.
The harpy claws you.
* * * LOW HITPOINT WARNING * * *
The harpy claws you!
* * * LOW HITPOINT WARNING * * *
The harpy completely misses you. The harpy claws you!
You die...

≈≈≈≈≈≈≈≈≈≈≈≈≈≈≈≈≈≈≈≈≈≈≈≈≈
≈≈≈≈≈≈≈≈≈≈≈≈≈≈≈≈≈≈≈≈≈≈≈≈≈≈
≈≈≈≈≈≈≈≈≈≈≈≈≈≈≈≈≈≈≈≈≈≈≈≈≈≈≈
≈≈≈≈≈≈≈≈≈≈PP...PP≈≈≈≈≈≈≈≈≈≈≈
≈≈≈≈≈≈≈≈≈≈P.PP...≈≈≈≈≈≈≈≈≈≈≈
≈≈≈≈≈≈≈P≈P.P.P.P.P)≈≈≈≈≈≈≈≈≈
≈≈≈≈≈≈≈≈≈P..(.....P..≈≈≈≈≈≈≈
≈≈≈≈≈≈≈≈≈...(.P..HP....≈≈≈≈≈
≈≈≈≈≈≈≈≈≈...†.†)@H.t≈...≈≈≈≈
≈≈≈≈≈≈≈≈≈###)###HH........≈≈
≈≈≈≈≈≈≈≈##.....##...........
..≈≈≈≈≈.#.......#...........
....≈≈..#.......#.#....#..≈.
....≈≈..##.....##.##.≈......
........≈###+###≈.#..≈≈≈≈≈..
#.....##≈≈8# ≈≈## ..≈≈≈≈
#..#####≈###


You could see a snapping turtle and 4 harpies.

Vanquished Creatures
  The ghost of NalNutta the Cleaver, a journeyman DsBe of Trog (Lair:6)
  A dire elephant (Lair:6)
  The ghost of Erchutaro the Covert, a journeyman GnEn (Lair:4)
  The ghost of Yppef the Covert, a journeyman GnEn (Lair:4)
  2 merfolk avatars (Shoals:1)
  5 hydras
  2 two-headed ogres
  3 death yaks (Lair:6)
  A sea snake (Shoals:1)
  Pikel (D:5)
  2 lindwurms (Lair:6)
  3 oklob plants (Lair:6)
  A faun (Shoals:1)
  3 manticores
  2 elephants (Lair:6)
  2 water nymphs (Shoals:1)
  6 black mambas
  2 torpor snails
  12 spiny frogs
  5 rime drakes
  A komodo dragon (Lair:1)
  6 merfolk (Shoals:1)
  A polar bear (Lair:4)
  2 wind drakes (Shoals:1)
  10 dream sheep
  Prince Ribbit (D:5)
  13 blink frogs
  2 snapping turtles (Shoals:1)
  5 hippogriffs
  30 yaks
  2 wyverns
  3 basilisks
  Menkaure (D:5)
  A naga (Lair:3)
  Edmund (D:4)
  9 porcupines
  10 water moccasins
  An orc warrior (D:7)
  2 ice beasts
  14 wolves
  4 ogres
  4 centaurs
  8 crocodiles
  6 big kobolds
  9 bullfrogs
  Blork the orc (D:4)
  2 scorpions
  6 killer bees
  A howler monkey (D:6)
  A bullfrog zombie (D:8)
  4 crimson imps
  2 jellies
  4 orc priests
  2 centaur skeletons
  An iguana (D:8)
  2 orc wizards
  A worker ant (D:8)
  A hell rat (Lair:6)
  A howler monkey zombie (D:6)
  A worker ant zombie (D:5)
  9 adders
  5 river rats (Sewer)
  A shadow imp (D:6)
  An ooze (D:2)
  2 adder skeletons (D:6)
  A worm (D:3)
  A dart slug (D:2)
  2 leopard geckos
  14 orcs
  3 bats
  2 bat zombies (D:1)
  6 giant cockroaches
  6 goblins
  5 hobgoblins
  8 jackals
  8 quokkas
  4 ball pythons
  3 frilled lizards
  A jackal skeleton (D:7)
  16 kobolds
  24 rats
  A fungus (Lair:4)
  A plant (Lair:2)
356 creatures vanquished.

Vanquished Creatures (others)
  2 crimson imps (D:5)
  A bullfrog zombie (D:5)
  An orc (D:5)
  3 fungi
  3 plants
  A withered plant (Lair:4)
11 creatures vanquished.

Grand Total: 367 creatures vanquished

Notes
Turn   | Place    | Note
-------+----------+-------------------------------------------
     0 | D:1      | riellis the Minotaur Fighter began the quest for the Orb.
     0 | D:1      | Reached XP level 1. HP: 19/19 MP: 0/0
   256 | D:1      | Reached XP level 2. HP: 25/27 MP: 1/1
   926 | D:2      | Reached skill level 1 in Dodging
   926 | D:2      | Reached XP level 3. HP: 33/33 MP: 2/2
  1486 | D:3      | Found an iron altar of Okawaru.
  1498 | D:3      | Became a worshipper of Warmaster Okawaru
  1655 | D:3      | Reached XP level 4. HP: 40/40 MP: 3/3
  1939 | D:4      | You fall through a shaft for 2 floors!
  1947 | D:5      | Entered Level 5 of the Dungeon
  1947 | D:5      | Noticed an ogre
  1955 | D:5      | Killed an ogre
  1955 | D:5      | Reached XP level 5. HP: 11/47 MP: 4/4
  2188 | D:5      | Noticed a slave
  2188 | D:5      | Noticed Pikel
  2190 | D:5      | Noticed a slave
  2190 | D:5      | Noticed a slave
  2190 | D:5      | Noticed a slave
  2195 | D:5      | Killed Pikel
  2195 | D:5      | Reached * piety under Okawaru
  2195 | D:5      | Reached skill level 5 in Fighting
  2195 | D:5      | Reached skill level 5 in Armour
  2195 | D:5      | Reached skill level 5 in Shields
  2195 | D:5      | Reached XP level 6. HP: 50/56 MP: 5/5
  2195 | D:5      | Reached XP level 7. HP: 54/61 MP: 6/6
  2304 | D:4      | Found a glowing drain.
  2341 | Sewer    | Entered a sewer
  2361 | Sewer    | Reached skill level 1 in Maces & Flails
  2514 | Sewer    | Reached ** piety under Okawaru
  2988 | D:4      | Noticed Edmund
  3018 | D:4      | Killed Edmund
  3018 | D:4      | Reached skill level 1 in Invocations
  3018 | D:4      | Reached XP level 8. HP: 62/70 MP: 5/8
  3050 | D:5      | Noticed Blork the orc
  3064 | D:4      | Killed Blork the orc
  3098 | D:4      | Reached skill level 5 in Maces & Flails
  3556 | D:5      | Noticed Menkaure
  3567 | D:5      | Killed Menkaure
  3856 | D:5      | Noticed Prince Ribbit
  3870 | D:5      | Killed Prince Ribbit
  3870 | D:5      | Reached *** piety under Okawaru
  4733 | D:6      | Found Aliyck's Magic Scroll Boutique.
  4750 | D:6      | Bought a scroll of identify for 28 gold pieces
  4760 | D:6      | Bought a scroll of remove curse for 42 gold pieces
  4803 | D:6      | Reached XP level 9. HP: 78/78 MP: 10/10
  5136 | D:6      | Found a burning altar of Makhleb.
  5136 | D:6      | Found a stormy altar of Qazlal.
  5404 | D:7      | Found a staircase to the Ecumenical Temple.
  5414 | D:7      | Reached skill level 5 in Dodging
  5537 | D:7      | Got a brightly glowing broad axe
  5538 | D:7      | Identified the +8 broad axe of Eneulagg {pain, Dex+3} (You found it on level 7 of the Dungeon)
  5588 | D:7      | Found a deep blue altar of Sif Muna.
  5785 | D:8      | Reached **** piety under Okawaru
  5814 | D:8      | Reached skill level 1 in Axes
  5850 | D:8      | Reached skill level 5 in Invocations
  5891 | D:8      | Noticed a three-headed hydra
  5895 | D:8      | Killed a one-headed hydra
  5895 | D:8      | Reached ***** piety under Okawaru
  5895 | D:8      | Reached XP level 10. HP: 76/88 MP: 12/12
  5944 | D:8      | Noticed a two-headed ogre
  5953 | D:8      | Killed a two-headed ogre
  5953 | D:8      | Received a gift from Okawaru
  5953 | D:8      | Reached skill level 5 in Axes
  5966 | D:8      | Found a roughly hewn altar of Beogh.
  6240 | D:8      | Found a hide-covered altar of Uskayaw.
  6639 | D:9      | Found a staircase to the Lair.
  6651 | D:10     | Entered Level 10 of the Dungeon
  6715 | D:9      | Noticed a two-headed ogre
  6722 | D:9      | Killed a two-headed ogre
  6990 | D:9      | Found a shattered altar of Ashenzari.
  6990 | D:9      | Found a shadowy altar of Dithmenos.
  7021 | Lair:1   | Entered Level 1 of the Lair of Beasts
  7057 | Lair:1   | Reached XP level 11. HP: 38/95 MP: 14/14
  7158 | Lair:2   | Found a labyrinth entrance.
  7189 | Lair:2   | Received a gift from Okawaru
  7630 | Lair:2   | Noticed a seven-headed hydra
  7642 | Lair:2   | Killed a one-headed hydra
  8911 | Lair:3   | Found a staircase to the Snake Pit.
  9044 | Lair:3   | Noticed a four-headed hydra
  9054 | Lair:3   | Killed a one-headed hydra
  9054 | Lair:3   | Reached ****** piety under Okawaru
  9209 | Lair:3   | Received a gift from Okawaru
  9210 | Lair:3   | Got an ancient cloak {god gift}
  9218 | Lair:3   | Identified the +5 cloak of Pride {-Tele +Inv Regen+ Str+7} (Okawaru gifted it to you on level 3 of the Lair of Beasts)
  9220 | Lair:3   | Noticed a four-headed hydra
  9230 | Lair:3   | Killed a one-headed hydra
  9230 | Lair:3   | Reached XP level 12. HP: 99/106 MP: 16/16
  9305 | Lair:4   | Found a staircase to the Shoals.
  9314 | Lair:3   | Reached skill level 10 in Armour
  9327 | Lair:4   | Reached skill level 10 in Fighting
  9327 | Lair:4   | Reached skill level 10 in Axes
  9327 | Lair:4   | Reached skill level 10 in Shields
  9454 | Lair:4   | Found a runed gate.
  9454 | Lair:4   | Found a runed gate.
  9454 | Lair:4   | Found a runed gate.
  9454 | Lair:4   | Noticed Erchutaro's ghost (journeyman GnEn)
  9455 | Lair:4   | Noticed Yppef's ghost (journeyman GnEn)
 10016 | Lair:4   | Killed Yppef's ghost
 10021 | Lair:4   | Killed Erchutaro's ghost
 10036 | Lair:4   | Got an ichor-stained long sword
 10037 | Lair:4   | Identified the cursed +3 long sword of the Past {slice, MR+ Str+2} (You found it on level 4 of the Lair of Beasts)
 10084 | Lair:5   | Received a gift from Okawaru
 10084 | Lair:5   | Reached skill level 5 in Long Blades
 10856 | Lair:6   | Entered Level 6 of the Lair of Beasts
 10856 | Lair:6   | Found a staircase to the Slime Pits.
 10891 | Lair:6   | Noticed an eight-headed hydra
 10924 | Lair:6   | Killed a five-headed hydra
 10924 | Lair:6   | Reached XP level 13. HP: 112/114 MP: 14/17
 11169 | Lair:6   | Noticed a dire elephant
 11180 | Lair:6   | Killed a dire elephant
 11236 | Lair:6   | Received a gift from Okawaru
 11240 | Lair:6   | Gained mutation: Your mind is acute. (Int +2) [potion of mutation]
 11240 | Lair:6   | Gained mutation: You evolve. [potion of mutation]
 11240 | Lair:6   | Gained mutation: You are resistant to electric shocks. (rElec) [potion of mutation]
 11344 | Lair:6   | Reached skill level 10 in Long Blades
 11375 | Lair:6   | Got an encrusted scale mail
 11386 | Lair:6   | Identified the +1 scale mail of the Lute {rF++ rC- Str+4} (You found it on level 6 of the Lair of Beasts)
 11493 | Lair:6   | Found a runed gate.
 11493 | Lair:6   | Found a runed gate.
 11493 | Lair:6   | Found a runed gate.
 11493 | Lair:6   | Noticed NalNutta's ghost (journeyman DsBe)
 11518 | Lair:6   | Killed NalNutta's ghost
 11807 | Shoals:1 | Entered Level 1 of the Shoals
 11905 | Shoals:1 | Received a gift from Okawaru
 11906 | Shoals:1 | Got a shimmering scale mail {god gift}
 11946 | Shoals:1 | Reached skill level 10 in Dodging
 11972 | Shoals:1 | Identified the +0 scale mail of Patterns {-Cast rF+ Int+7} (Okawaru gifted it to you on level 1 of the Shoals)
 11995 | Shoals:1 | Found a runed door.
 12103 | Shoals:1 | Slain by a harpy

Vault maps used:
D:1:      saegor_arrival_fortress
D:2:      kennysheep_another_room
D:3:      old_standard_altar
D:4:      portal_sewer_entry_a, first_ration, uniq_edmund
D:5:      uniq_blork_the_orc, uniq_menkaure, uniq_pikel, uniq_prince_ribbit1
D:6:      gammafunk_temple_overflow_pools, serial_shops, shop_coins,
          minmay_crystal_water, minmay_checkerbox
D:7:      minmay_temple_entry_grid, led_sif_pool
D:8:      kennysheep_mini, minmay_misc_feat_four_crosses, hangedman_ranch,
          minivault_23, david_defended_altar_orc
D:9:      gammafunk_temple_overflow_wave, dpeg_oklobed_lair
Lair:1:   grunt_megastairs_2
Lair:2:   lab_entry_generic, grunt_megastairs_3, serial_bayou_shore_a
Lair:3:   guppyfry_snake_entry_island
Lair:4:   minmay_shoals_entry_beasts, gammafunk_ghost_cemetery,
          grunt_megastairs_1
Lair:6:   hangedman_lair_in_review, minmay_slime_entry_oklob_open,
          ebering_ghost_rock_garden, lookout_lair_type
Shoals:1: portal_ice_cave_entry_pillars_three, lightli_airlock
Shoals:2: nicolae_shoals_water_elemental_grotto
Sewer:    sewer_minmay_treatment

Skill      XL: |  1  2  3  4  5  6  7  8  9 10 11 12 13 |
---------------+----------------------------------------+-----
Armour         | 4 5 6 7 8 9 10 | 10.7
Dodging        | 1 2 3 4 6 7 8 9 10 | 10.1
Shields        | 4 5 6 7 8 9 10 11 | 11.9
Fighting       | 4 5 6 7 8 9 10 11 | 11.3
Long Blades    | 3 4 7 11 | 11.7
Maces & Flails | 4 5 6 |  6.1
Invocations    | 1 3 5 6 7 |  7.9
Axes           | 4 7 9 11 | 11.3
Stealth        | |  0.4
Evocations     | |  0.5

Action                   |  1- 3 |  4- 6 |  7- 9 | 10-12 | 13-15 || total
-------------------------+-------+-------+-------+-------+-------++-------
Melee: Long sword        |    90 |    23 |       |    85 |   268 ||   466
       Headbutt          |    10 |     7 |    61 |   121 |   114 ||   313
       Whip              |       |       |   173 |       |       ||   173
       Flail             |       |       |   126 |    13 |       ||   139
       Broad axe         |       |       |    19 |   277 |    16 ||   312
       Hand axe          |       |       |     3 |    49 |       ||    52
Invok: Heroism           |       |       |     3 |     8 |     5 ||    16
       Finesse           |       |       |       |       |     1 ||     1
 Abil: Evoke Invisibilit |       |       |       |     2 |       ||     2
Evoke: Wand              |       |       |       |     3 |       ||     3
  Use: Potion            |       |     1 |       |     1 |     9 ||    11
       Scroll            |       |       |       |    14 |       ||    14
 Stab: Invisible         |       |       |       |     3 |       ||     3
  Eat: Chunk             |     2 |     1 |    10 |    11 |     3 ||    27
       Ration            |       |       |     1 |     2 |       ||     3
Armor: Chain mail        |    49 |    10 |   138 |     2 |       ||   199
       Scale mail        |     4 |       |       |       |    33 ||    37
       Ring mail         |       |       |       |   129 |    51 ||   180
Dodge: Dodged            |    25 |    12 |    92 |   245 |   178 ||   552
Block: Shield            |    55 |    12 |   186 |   292 |   209 ||   754
       Rpst.: Long sword |     9 |     2 |       |     9 |    41 ||    61

Table legend:
 A = Spawn XP
 B = Non-spawn XP
 C = Spawn XP percentage of total XP
 D = Spawn monster count
 E = Non-spawn monster count
 F = Spawn count percentage of total count
 G = Total turns spent on level
                    A         B        C        D         E        F      G
               +---------+---------+-------+---------+---------+-------+---------
         Total |       0 |   62985 |   0.0 |       0 |     354 |   0.0 | 12103
               +---------+---------+-------+---------+---------+-------+---------
           D:1 |       0 |      21 |   0.0 |       0 |      12 |   0.0 |   758
           D:2 |       0 |      24 |   0.0 |       0 |      10 |   0.0 |   620
           D:3 |       0 |      60 |   0.0 |       0 |      19 |   0.0 |   484
           D:4 |       0 |     604 |   0.0 |       0 |      19 |   0.0 |   705
           D:5 |       0 |    1278 |   0.0 |       0 |       7 |   0.0 |  1399
           D:6 |       0 |     446 |   0.0 |       0 |      11 |   0.0 |   686
           D:7 |       0 |     750 |   0.0 |       0 |      14 |   0.0 |   549
           D:8 |       0 |    4044 |   0.0 |       0 |      29 |   0.0 |   812
           D:9 |       0 |    1987 |   0.0 |       0 |      16 |   0.0 |   479
        Lair:1 |       0 |    4066 |   0.0 |       0 |      20 |   0.0 |   705
        Lair:2 |       0 |    4231 |   0.0 |       0 |      18 |   0.0 |  1166
        Lair:3 |       0 |    5450 |   0.0 |       0 |      15 |   0.0 |   420
        Lair:4 |       0 |    7940 |   0.0 |       0 |      32 |   0.0 |   784
        Lair:5 |       0 |    3111 |   0.0 |       0 |      13 |   0.0 |   829
        Lair:6 |       0 |   20609 |   0.0 |       0 |      53 |   0.0 |   882
      Shoals:1 |       0 |    7910 |   0.0 |       0 |      18 |   0.0 |   294
         Sewer |       0 |     454 |   0.0 |       0 |      48 |   0.0 |   522
               +---------+---------+-------+---------+---------+-------+---------
